 Dungeon Crawl Stone Soup version 0.31-a0-1626-g5cb510d322 (webtiles) character file.

Game seed: 14497423399616689771

7121 Dirtsage the Mimic (level 11, -3/86 HPs)
             Began as an Octopode Shapeshifter on Jan 12, 2024.
             Was an Initiate of Gozag.
             Slain by a sixfirhy (12 damage)
             ... summoned by a kobold demonologist
             ... on level 10 of the Dungeon.
             The game lasted 00:18:47 (8780 turns).

Dirtsage the Mimic (Octopode Shapeshifter)          Turns: 8780, Time: 00:18:48

Health: -3/86      AC:  9    Str: 23    XL:     11   Next: 10%
Magic:  11/11      EV: 17    Int: 12    God:    Gozag
Gold:   241        SH:  5    Dex: 14    Spells: 10/10 levels left

rFire   + +          .
                       - Unarmed
rCold   + . .        (shield currently unavailable)
rNeg    + . .        (helmet currently unavailable)
rPois   +            G - amulet of reflection
rElec   .            F - ring of protection from fire
rCorr   .            r - +5 ring of evasion
SInv    .            i - ring of protection from fire
Will    .....        N - ring of positive energy
Stlth   ++++         I - ring of protection from cold
HPRegen 0.34/turn    (no ring)
MPRegen 0.12/turn    (no ring)
                     (no ring)

%: reflection
@: about to teleport, snake-form, spiked
A: constrict, boosted hp, almost no armour, amphibious, 8 rings, large,
(camouflage 1), (gelatinous body 1), (nimble swimmer 1), (tentacles), (cold
resistance 1), strong 1
a: Begin Untransformation, Renounce Religion, Potion Petition, Call Merchant,
Bribe Branch


You were on level 10 of the Dungeon.
You worshipped Gozag.
Gozag was aware of your devotion.
You were an enormous serpent.
You visited 2 branches of the dungeon, and saw 11 of its levels.

You collected 1339 gold pieces.
You spent 1050 gold pieces at shops.
You paid 48 gold pieces to Gozag.

Inventory:

Missiles
 E - a curare-tipped dart (quivered)
Jewellery
 i - a ring of protection from fire (on tentacle)
 r - a +5 ring of evasion (right tentacle)
 F - a ring of protection from fire (left tentacle)
 G - an amulet of reflection (around neck)
 I - a ring of protection from cold (on tentacle)
 N - a ring of positive energy (on tentacle)
Talismans
 h - a granite talisman
 q - a serpent talisman (active)
Wands
 b - a wand of charming (6)
 c - a wand of roots (11)
 k - a wand of polymorph (14)
 x - a wand of mindburst (4)
 D - a wand of digging (6)
Scrolls
 e - a scroll of enchant armour {unknown}
 f - 2 scrolls of vulnerability
 j - 2 scrolls of fog {unknown}
 s - a scroll of noise
 v - a scroll of poison
 w - a scroll of amnesia
 y - 2 scrolls of revelation {unknown}
 B - a scroll of fear {unknown}
Potions
 a - 2 potions of haste {unknown}
 d - 3 potions of might
 g - 2 potions of ambrosia
 m - 2 potions of berserk rage {unknown}
 n - a potion of resistance
 o - 2 potions of enlightenment
 p - 3 potions of mutation
 u - 2 potions of lignification
 z - 3 potions of curing {unknown}
 A - 2 potions of attraction
 C - a potion of degeneration {unknown}


   Skills:
 + Level 6.2 Fighting
 + Level 6.4 Dodging
 + Level 7.2 Stealth
 + Level 6.8 Unarmed Combat
 * Level 11.3 Shapeshifting


You had 10 spell levels left.
You didn't know any spells.
Your spell library contained the following spells:

 Spells                   Type           Power      Damage    Failure   Level
 Magic Dart               Conj           0%         1d3       32%         1
 Sandblast                Erth           0%         2d4       32%         1
 Blink                    Tloc           0%         N/A       45%         2
 Call Imp                 Summ           0%         N/A       45%         2
 Lesser Beckoning         Tloc           0%         N/A       45%         2
 Momentum Strike          Conj/Tloc      0%         3d8       45%         2
 Searing Ray              Conj           0%         2d4       45%         2
 Sublimation of Blood     Necr           0%         N/A       45%         2
 Passwall                 Erth           0%         N/A       69%         3
 Stone Arrow              Conj/Erth      0%         3d7       69%         3
 Tukima's Dance           Hex            0%         N/A       69%         3
 Brom's Barrelling Bould  Conj/Erth      0%         2d3       97%         4
 Fulminant Prism          Conj/Alch      0%         3d5       97%         4
 Passage of Golubria      Tloc           0%         N/A       97%         4
 Silence                  Hex/Air        0%         N/A       100%        5
 Yara's Violent Unravell  Hex/Alch       0%         3d3       100%        5
 Conjure Ball Lightning   Conj/Air       0%         3x3d6     100%        6
 Summon Hydra             Summ           0%         N/A       100%        7
 Discord                  Hex            0%         N/A       100%        8
 Disjunction              Tloc           0%         N/A       100%        8
 Lehudib's Crystal Spear  Conj/Erth      0%         10d2      100%        8


Dungeon Overview and Level Annotations

Branches:
Dungeon (10/15)            Temple (1/1) D:4            Lair (0/5) D:9
    Orc: D:9-12

Altars:
Ashenzari
Cheibriados
Dithmenos
Elyvilon
Fedhas
Gozag
Hepliaklqana
Kikubaaqudgha
Makhleb
Nemelex Xobeh
Okawaru
Qazlal
Ru
Sif Muna
Trog
Uskayaw
Vehumet
Wu Jian
Xom
Yredelemnul
Zin
The Shining One

Shops:
D:1 (!*=   D:2 (   D:4 [


Innate Abilities, Weirdness & Mutations

You are an enormous serpent.
You have a powerful constriction melee attack.
Your maximum health is increased.
Your armour is entirely melded.
You are incapable of wielding weapons or throwing items.
You cannot wear most types of armour.
You are amphibious.
You can wear up to eight rings at the same time.
((Your skin changes colour to match your surroundings (Stealth+).))
((Your rubbery body absorbs attacks. (AC +1, EV +1)))
((You are camouflaged when in or above water. (Stealth+)))
((You have tentacles for arms and can constrict up to eight enemies at once.))
((Your flesh is cold resistant. (rC+)))
Your muscles are strong. (Str +4, Int/Dex -1)


Message History

The roots erupt in riotous growth!
Roots grab the sixfirhy.
The kobold demonologist is unaffected.
Roots grab the orange demon.
The grasping roots constrict the kobold demonologist.
The grasping roots constrict the orange demon!
The grasping roots constrict the sixfirhy.
The roots release their grip on the kobold demonologist.
The sixfirhy struggles to escape constriction. x2
The sixfirhy escapes!
The sixfirhy hits you! The sixfirhy shocks you! The sixfirhy barely misses you.
The orange demon escapes!
You take 18 damage, and have 39/86 hp.
MASSIVE DAMAGE!!
You barely miss the sixfirhy. Your grab misses the sixfirhy.
The sixfirhy is lightly wounded.
The orange demon completely misses you.
As you read the scroll of teleportation, it crumbles to dust.
You feel strangely unstable.
The kobold demonologist casts a spell.
The orange demon stings you from afar.
You take 1 damage, and have 38/86 hp.
Okay, then.
You feel much better. The sixfirhy hits you. The sixfirhy shocks you!
The sixfirhy hits you! The sixfirhy shocks you!
The iron imp shouts, "Give up, thou weedy dread-bolted maggot-pie!"
The orange demon stings you but does no damage.
You take 9 damage, and have 29/86 hp.
Okay, then.
As you read the scroll labelled CAGUBL VAHACE, it crumbles to dust.
It is a scroll of amnesia.
You feel forgetful for a moment.
The orange demon disappears in a puff of smoke!
The sixfirhy hits you.
* * * LOW HITPOINT WARNING * * *
The sixfirhy shocks you!
* * * LOW HITPOINT WARNING * * *
The sixfirhy hits you.
* * * LOW HITPOINT WARNING * * *
The sixfirhy shocks you!
You die...
Your body crumbles into a pile of gold.

...$....# #..#
........# #..#
........# #..#
........# #..#
........# #..#
........# #..#
......KK###..#
......K5ยง3S..#
......K####..#
#..# .......
#..# #..#
....... #..#
#..# ....55.
#[.# #..#
..K.5.. #..#
#..# ......K
#..# #..#
....K.. #..#
#..# #..# #<.#


You could see a kobold demonologist, a sixfirhy (summoned), 2 kobold brigands,
an iron imp (summoned) and a kobold.

Vanquished Creatures
  Joseph (D:9)
  Maggie (D:7)
  2 hornets
  4 yaks (D:9)
  9 wyverns
  3 steam dragons
  2 water moccasins (D:9)
  A black bear (D:5)
  A sky beast (D:6)
  An orc warrior (D:9)
  A hornet zombie (D:6)
  A centaur (D:8)
  2 ogres
  4 phantoms
  3 kobold brigands
  A wyvern zombie (D:6)
  3 bullfrogs
  A gnoll sergeant (D:8)
  3 scorpions (D:5)
  15 wights
  5 killer bees (D:9)
  2 howler monkeys (D:7)
  4 bombardier beetles
  A jelly (D:4)
  A lava snake (D:7)
  2 bullfrog zombies (D:6)
  2 centaur zombies (D:6)
  2 hounds
  An orc priest (D:9)
  4 bullfrog skeletons (D:6)
  A gnoll bouda (D:7)
  Terence (D:2)
  4 iguanas
  A howler monkey zombie (D:6)
  Robin (D:4)
  7 gnolls
  A howler monkey skeleton (D:6)
  8 adders
  2 shadow imps
  A white imp (D:7)
  2 ufetubi (D:6)
  2 ribbon worms
  3 dart slugs
  4 orcs
  5 ball pythons
  4 endoplasms
  6 giant cockroaches
  12 goblins
  10 hobgoblins
  6 jackals
  17 kobolds
  4 quokkas
  6 bats
  A frilled lizard (D:3)
  4 rats
196 creatures vanquished.

Vanquished Creatures (others)
  A butterfly (D:8)
1 creature vanquished.

Grand Total: 197 creatures vanquished

Notes
Turn   | Place    | Note
-------+----------+-------------------------------------------
     0 | D:1      | Dirtsage the Octopode Shapeshifter began the quest for the
                  | Orb.
     0 | D:1      | Reached XP level 1. HP: 13/13 MP: 1/1
   132 | D:1      | Found Upnacuaka's General Store.
   145 | D:1      | Found Gola Enk's Distillery.
   164 | D:1      | Reached XP level 2. HP: 6/18 MP: 2/2
   235 | D:1      | Found Maemas's Weapon Boutique.
   736 | D:1      | Reached XP level 3. HP: 23/23 MP: 3/3
   749 | D:1      | Found Taxuus's Jewellery Shop.
  1029 | D:2      | Noticed Terence
  1039 | D:2      | Killed Terence
  1088 | D:2      | Found a burning altar of Makhleb.
  1171 | D:2      | Reached XP level 4. HP: 29/29 MP: 4/4
  1346 | D:2      | Found Neolij's Antique Weapon Shoppe.
  1877 | D:3      | Reached skill level 4 in Shapeshifting
  1877 | D:3      | Reached XP level 5. HP: 24/34 MP: 5/5
  2703 | D:3      | Found a radiant altar of Vehumet.
  2925 | D:4      | Reached XP level 6. HP: 41/41 MP: 6/6
  2936 | D:4      | Noticed Robin
  2967 | D:4      | Killed Robin
  3222 | D:4      | Found a staircase to the Ecumenical Temple.
  3228 | Temple   | Entered the Ecumenical Temple
  3240 | Temple   | Became a worshipper of Gozag Ym Sagoz the Greedy
  3278 | D:4      | Found Axteziurch's Antique Armour Shoppe.
  3397 | D:4      | Reached skill level 5 in Shapeshifting
  3516 | D:5      | Entered Level 5 of the Dungeon
  3544 | D:5      | Reached XP level 7. HP: 33/46 MP: 7/7
  3571 | D:5      | Gained mutation: Your muscles are strong. (Str +4, Int/Dex
                  | -1) [potion of mutation]
  3571 | D:5      | Gained mutation: Your flesh is cold resistant. (rC+)
                  | [potion of mutation]
  3806 | D:5      | Reached skill level 6 in Shapeshifting
  4121 | D:5      | Reached skill level 7 in Shapeshifting
  4121 | D:5      | Reached XP level 8. HP: 44/52 MP: 8/8
  4511 | D:6      | Reached skill level 8 in Shapeshifting
  4775 | D:6      | Found a burning altar of Makhleb.
  4831 | D:6      | Reached skill level 9 in Shapeshifting
  4868 | D:6      | Reached skill level 1 in Stealth
  5102 | D:6      | Reached XP level 9. HP: 57/57 MP: 9/9
  5270 | D:7      | Noticed Maggie
  5284 | D:7      | Killed Maggie
  5304 | D:7      | Reached skill level 5 in Unarmed Combat
  5603 | D:7      | Noticed a hornet
  5612 | D:7      | Killed a hornet
  6222 | D:8      | Noticed a hornet
  6231 | D:8      | Killed a hornet
  6232 | D:8      | Reached skill level 10 in Shapeshifting
  6238 | D:8      | Reached skill level 5 in Dodging
  6252 | D:8      | Reached XP level 10. HP: 65/65 MP: 10/10
  6507 | D:8      | Found a white marble altar of Elyvilon.
  6553 | D:8      | Reached skill level 5 in Stealth
  6911 | D:8      | Reached skill level 5 in Fighting
  7269 | D:9      | Found a staircase to the Lair.
  7307 | D:9      | Reached skill level 11 in Shapeshifting
  7716 | D:9      | Reached XP level 11. HP: 63/72 MP: 11/11
  7876 | D:9      | Noticed Joseph
  7886 | D:9      | Killed Joseph
  8439 | D:1      | Bought a ring of protection from cold for 350 gold pieces
  8439 | D:1      | Bought an amulet of reflection for 420 gold pieces
  8439 | D:1      | Bought a ring of positive energy for 280 gold pieces
  8691 | D:10     | Entered Level 10 of the Dungeon
  8768 | D:10     | Noticed a sixfirhy
  8780 | D:10     | Slain by a sixfirhy

Illustrated notes

Levels and vault maps discovered:
D:1:      roderic_octagonal_star, layout_loops_ring, serial_shops,
          nicolae_diamond_shop, shop, nicolae_shop_rolling_square,
          nicolae_shop_advertising_works [nicolae_subvault_shop_adworks],
          serial_glass, glass_columns_a, glass_columns_a, grunt_decor_fettered
D:2:      layout_loops_cross, serial_shops, shop,
          shapermc_ecumenical_altar_petra, basic_altar, uniq_terence
D:3:      layout_basic, mainiacjoe_overflow_surrounded_room,
          kennysheep_generic_room_6
D:4:      layout_rooms, minmay_temple_entry_hall, serial_shops, shop, uniq_robin
D:5:      layout_basic
D:6:      layout_basic, mainiacjoe_overflow_catwalk, serial_undead,
          serial_undead_f, serial_undead_a, serial_undead_c, serial_undead_d,
          serial_undead_b, serial_undead_a
D:7:      layout_loops_ring, nicolae_kite_square_tiling_tiny, minivault_11,
          uniq_maggie
D:8:      layout_basic, nicolae_elyvilon_peaceful_grove,
          minmay_stone_trees_medium, grunt_ministairs_3,
          corexii_leaking_fountain
D:9:      layout_basic, minmay_lair_entry_grove, uniq_joseph
D:10:     layout_long_grid, trove_entry_hex_spiral
Temple:   nicolae_temple_bog_church

Skill      XL: |  1  2  3  4  5  6  7  8  9 10 11 |
---------------+----------------------------------+-----
Fighting       | 2 3 4 6 |  6.2
Shapeshifting  | 4 5 7 9 10 11 | 11.3
Dodging        | 3 5 6 |  6.4
Unarmed Combat | 4 5 6 |  6.8
Stealth        | 1 4 6 7 |  7.2

Action                     |  1- 3 |  4- 6 |  7- 9 | 10-12 || total
---------------------------+-------+-------+-------+-------++-------
  Melee: Unarmed           |    63 |   144 |   165 |   145 ||   517
         Constrict         |    18 |    29 |    39 |    44 ||   130
         Tentacles         |    10 |    37 |     3 |       ||    50
         Punch             |       |     3 |     1 |       ||     4
  Evoke: Wand              |       |       |     9 |     6 ||    15
    Use: Potion            |     1 |       |     2 |     1 ||     4
         Scroll            |       |       |     9 |     2 ||    11
   Stab: Sleeping          |     2 |    12 |     3 |     1 ||    18
         Distracted        |       |       |       |     2 ||     2
 Armour: Skin              |    24 |    54 |    68 |    61 ||   207
  Dodge: Dodged            |    49 |    69 |    86 |    95 ||   299
  Block: Other             |       |       |       |     8 ||     8
   Form: Serpent           |       |       |     1 |       ||     1

Table legend: (Time is in decaauts)
 A = Elapsed time spent in this place.
 B = Non-inter-level travel time spent in this place.
 C = Inter-level travel time spent in this place.
 D = Time resting spent in this place.
 E = Time spent auto-exploring this place.
 F = Levels seen in this place.
 G = Mean time per level.
                   A        B        C        D        E       F      G
               +--------+--------+--------+--------+--------+-----+--------+
         Total |   8736 |   7890 |    846 |     39 |   6459 |  11 |  794.2 |
       Dungeon |   8712 |   7876 |    836 |     39 |   6459 |  10 |  871.2 |
        Temple |     23 |     13 |     10 |      0 |      0 |   1 |   23.0 |
               +--------+--------+--------+--------+--------+-----+--------+

Top non-repeatable levels by time:
     D:8: 1124 daAuts
     D:3: 1094 daAuts
     D:9: 1012 daAuts
     D:2: 999 daAuts
     D:1: 972 daAuts
     D:7: 955 daAuts
     D:6: 950 daAuts
     D:5: 861 daAuts
     D:4: 683 daAuts
    D:10: 58 daAuts
  Temple: 23 daAuts
